 Dungeon Crawl Stone Soup version 0.26-a0-597-gb535b0901c (webtiles) character file.

Game seed: 3611898132033712704

83449 Superazbuka the Severer (level 15, -2/144 HPs)
             Began as a Deep Dwarf Fighter on Sept 8, 2020.
             Was the Champion of Makhleb.
             Killed by divine providence
             ... invoked by Saint Roka
              (9 damage)
             ... on level 2 of the Orcish Mines on Sept 9, 2020.
             The game lasted 00:37:48 (16914 turns).

Superazbuka the Severer (Deep Dwarf Fighter)       Turns: 16914, Time: 00:37:48

Health: -2/144     AC: 20    Str: 30    XL:     15   Next: 32%
Magic:  5/5        EV: 21    Int:  8    God:    Makhleb [******]
Gold:   1360       SH: 20    Dex: 18    Spells: 14/14 levels left

rFire    . . .     SeeInvis .   y - +5 war axe
rCold    . . .     Faith    .   c - +0 kite shield
rNeg     + . .     Spirit   .   s - +1 scale mail of the Moon {Str+3}
rPois    .         Reflect  +   (no helmet)
rElec    .         Harm     .   J - +2 cloak
rCorr    .                      A - +2 pair of gloves
MR       ++...                  l - +2 pair of boots
Stlth    +.........             T - amulet of reflection
HPRegen  0.00/turn              S - +6 ring of dexterity
MPRegen  0.09/turn              f - +4 ring of evasion

@: non-regenerating
A: damage resistance, heal wounds, negative energy resistance 1, sense
surroundings 2, screaming 1, no regeneration
a: Heal Wounds, Minor Destruction, Lesser Servant of Makhleb, Major Destruction,
Greater Servant of Makhleb, Renounce Religion


You were on level 2 of the Orcish Mines.
You worshipped Makhleb.
Makhleb was exalted by your worship.
You visited 3 branches of the dungeon, and saw 23 of its levels.
You also visited: Ossuary and Volcano.

You collected 2297 gold pieces.
You spent 937 gold pieces at shops.

Inventory:

Hand Weapons
 y - a +5 war axe (weapon)
 P - a +0 broad axe
 Z - a +0 morningstar
Armour
 c - a +0 kite shield (worn)
 l - a +2 pair of boots (worn)
 s - the +1 scale mail of the Moon (worn) {Str+3}
   (You found it on level 4 of the Dungeon)

   It affects your strength (+3).
 A - a +2 pair of gloves (worn)
 J - a +2 cloak (worn)
Jewellery
 b - a +6 ring of intelligence {unknown}
 f - a +4 ring of evasion (right hand)
 j - an uncursed ring of positive energy {unknown}
 r - an uncursed ring of resist corrosion
 B - an uncursed ring of ice
 D - an uncursed ring of protection from cold {unknown}
 S - a +6 ring of dexterity (left hand)
 T - an amulet of reflection (around neck)
 U - a cursed ring of teleportation {unknown}
 W - a cursed ring of teleportation {unknown}
 X - an uncursed ring of wizardry {unknown}
 Y - an uncursed ring of fire
Wands
 p - a wand of digging (15)
 q - a wand of paralysis (22)
 t - a wand of flame (21)
 K - a wand of enslavement (8)
 L - a wand of acid (4)
 N - a wand of iceblast (30)
 V - a wand of polymorph (13)
Scrolls
 i - 9 scrolls of remove curse
 o - 7 scrolls of amnesia
 u - 5 scrolls of fog
 v - 3 scrolls of magic mapping
 w - 10 scrolls of teleportation
 x - 2 scrolls of blinking {unknown}
 z - 3 scrolls of fear
 E - 6 scrolls of enchant armour
 O - 3 scrolls of enchant weapon
 Q - a scroll of noise {unknown}
 R - a scroll of identify
Potions
 a - a potion of experience
 d - 5 potions of might
 e - 8 potions of brilliance
 g - 7 potions of curing
 h - a potion of magic
 k - 4 potions of resistance
 m - 2 potions of haste
 n - 5 potions of heal wounds
 C - 5 potions of lignification
 F - 5 potions of ambrosia
 G - 2 potions of berserk rage
 H - 3 potions of flight
 I - 4 potions of stabbing
 M - 3 potions of cancellation {unknown}


   Skills:
 + Level 11.8 Fighting
 + Level 17.4(17.6) Axes
 + Level 4.1(11.6) Maces & Flails
 + Level 10.0 Armour
 + Level 8.9 Dodging
 + Level 3.2 Stealth
 + Level 14.3 Shields


You had 14 spell levels left.
You didn't know any spells.
Your spell library contained the following spells:

 Spells                   Type           Power        Failure   Level
 Animate Skeleton         Necr           #.....       65%         1
 Pain                     Necr           #...         65%         1
 Sandblast                Erth           #.....       65%         1
 Sting                    Tmut/Pois      #...         65%         1
 Passwall                 Tmut/Erth      #.......     78%         2
 Poisonous Vapours        Pois/Air       #.....       78%         2
 Conjure Flame            Conj/Fire      #.......     95%         3
 Ignite Poison            Fire/Tmut/Pois #.......     95%         3
 Mephitic Cloud           Conj/Pois/Air  #.......     95%         3
 Stone Arrow              Conj/Erth      #.....       95%         3
 Vampiric Draining        Necr           #.........   95%         3
 Animate Dead             Necr           #.........   100%        4
 Olgreb's Toxic Radiance  Pois           #.......     100%        4
 Petrify                  Tmut/Erth      #.......     100%        4
 Agony                    Necr           #.......     100%        5
 Irradiate                Conj/Tmut      #.........   100%        5
 Lee's Rapid Deconstruct  Erth           #.........   100%        5
 Freezing Cloud           Conj/Ice/Air   #.........   100%        6
 Hydra Form               Tmut           #.........   100%        6
 Statue Form              Tmut/Erth      #........    100%        6
 Dragon Form              Tmut           #.........   100%        7


Dungeon Overview and Level Annotations

Branches:
Dungeon (15/15)            Temple (0/1) D:6            Lair (6/6) D:10
  Swamp (0/4) Lair:4        Snake (0/4) Lair:2        Slime (0/5) Lair:5
    Orc (2/2) D:9          Vaults (0/5) D:13         Depths (0/5) D:15
Ossuary (visited)         Volcano (visited)
    Elf: Orc:2

Altars:
Ashenzari
Cheibriados
Dithmenos
Elyvilon
Fedhas
Gozag
Kikubaaqudgha
Makhleb
Nemelex Xobeh
Qazlal
Ru
Vehumet
Wu Jian
Xom
Yredelemnul
Zin
The Shining One
Beogh

Shops:
D:2 *   D:4 =   D:5 !   D:7 [   D:12 ==?   D:13 ?   D:14 [   Orc:1 }

Annotations:
Lair:2 1 runed translucent door, Ulumiabe's ghost, journeyman OpBe
Orc:2 Saint Roka


Innate Abilities, Weirdness & Mutations

You are resistant to damage.
You can heal yourself by infusing magical energy.
You resist negative energy. (rN+)
You passively map the area around you.
You do not regenerate.
You occasionally shout uncontrollably at your foes.


Message History

You block the orc warrior's attack. The orc misses you.
The orc priest barely misses you.
Items here: ( )))))))))) [[[[[[[[ ††††††††.
You are too injured to fight recklessly!
You hit the orc.
The orc is heavily wounded.
You slash the orc warrior! You slash the orc!
You kill the orc!
Makhleb accepts your kill.
You feel better.
You hit the orc warrior. You slash the orc!
You kill the orc!
Makhleb accepts your kill.
You feel better.
The orc warrior no longer looks unusually strong.
You block the orc warrior's attack.
The orc warrior hits you with a +0 glaive!!
* * * LOW HITPOINT WARNING * * *
Saint Roka calls down the wrath of Beogh upon you.
Beogh smites you!
You die...

, ', , #.....##
#......... * , *
#......###...#####..
* ** #......#....##..
* , ,
#...........'.... *,
, , #....#......#.._.
, *
#...........#..... *
* * * #.o)........#
...# , *
##oo[)))......##### ,
* #o.)@o)........., ,
, '
*#o.ooo.)...........
* ,,,
......oo............,
, ....o.............
, ...............#..
,, * ,,
.................., ,
, ,.................
, ,,............... ,
, , , , , , ***


You could see Saint Roka (strong), 4 orc warriors, an orc priest (strong), an
orc wizard (strong) and 5 orcs.

Vanquished Creatures
  Gastronok (D:10)
  Nessos (D:15)
  Azrael (D:15)
  A fire dragon (D:10)
  An ettin (D:15)
  6 hydras
  Fannar (D:12)
  Harold (Lair:1)
  An ogre mage (D:15)
  A centaur warrior (D:15)
  A catoblepas (D:14)
  Erica (D:8)
  3 dancing weapons
  3 two-headed ogres
  7 death yaks
  Urug (Lair:5)
  Sonja (D:10)
  3 skeletal warriors (D:14)
  2 unseen horrors
  5 wizards (Volcano)
  A lindwurm (Lair:1)
  2 deep elf magi
  3 orc knights
  3 orc sorcerers
  An ugly thing (D:11)
  2 manticores
  3 cyclopes
  5 toenail golems (Volcano)
  Maurice (D:10)
  5 black mambas
  A guardian serpent (shapeshifter) (D:13)
  A gargoyle (D:15)
  A torpor snail (Lair:5)
  Psyche (D:8)
  Maggie (D:9)
  21 cane toads
  A rime drake (D:12)
  2 kobold demonologists
  A yaktaur (D:15)
  7 komodo dragons
  6 trolls
  A meliai (shapeshifter) (D:15)
  4 tyrant leeches (Lair:6)
  6 polar bears
  A hornet (D:10)
  2 hippogriffs
  5 dream sheep (Lair:6)
  2 bog bodies (Lair:4)
  19 blink frogs
  A wraith (D:12)
  2 wyverns
  Grum (D:8)
  5 fire elementals
  3 basilisks
  35 yaks
  12 vampire mosquitoes
  Menkaure (D:7)
  2 wargs (Orc:2)
  4 nagas (Lair:2)
  5 water moccasins
  3 hell hounds (D:15)
  4 ice beasts
  11 porcupines
  4 phantoms
  A sky beast (D:5)
  28 orc warriors
  A necrophage (D:11)
  3 black bears
  9 ogres
  20 wolves
  3 centaurs
  8 big kobolds
  20 crocodiles
  33 bullfrogs
  6 scorpions
  11 killer bees
  5 howler monkeys
  14 wights
  2 electric eels (Lair:6)
  8 centaur zombies
  A quasit (D:10)
  11 jellies (Lair:5)
  21 orc priests
  Crazy Yiuf (D:7)
  6 hounds
  A human zombie (Ossuary)
  22 orc wizards
  7 iguanas
  Terence (D:2)
  2 bullfrog skeletons
  2 centaur skeletons
  11 worker ants
  A big kobold zombie (Ossuary)
  2 hound zombies (D:7)
  2 hound skeletons
  5 mummies
  4 gnolls (D:3)
  2 howler monkey skeletons
  10 adders
  An ufetubus (D:7)
  4 oozes
  An adder zombie (D:5)
  3 adder skeletons
  3 worms
  3 dart slugs
  6 leopard geckos
  108 orcs
  5 bats
  4 giant cockroaches
  7 hobgoblins
  4 jackals (D:5)
  6 quokkas
  6 frilled lizards
  A giant cockroach zombie (D:5)
  3 goblins
  A goblin zombie (Ossuary)
  A hobgoblin zombie (D:7)
  A jackal skeleton (D:5)
  22 kobolds
  2 kobold zombies
  3 leopard gecko skeletons
  An orc zombie (Ossuary)
  5 rats
729 creatures vanquished.

Vanquished Creatures (others)
  A centaur skeleton (D:15)
  14 fungi
  60 plants
75 creatures vanquished.

Grand Total: 804 creatures vanquished

Notes
Turn   | Place    | Note
-------+----------+-------------------------------------------
     0 | D:1      | Superazbuka the Deep Dwarf Fighter began the quest for the
                  | Orb.
     0 | D:1      | Reached XP level 1. HP: 20/20 MP: 1/1
   541 | D:2      | Found a burning altar of Makhleb.
   545 | D:2      | Reached XP level 2. HP: 14/27 MP: 2/2
   556 | D:2      | Became a worshipper of Makhleb the Destroyer
   669 | D:2      | Reached XP level 3. HP: 32/33 MP: 2/2
   773 | D:2      | Found an opulent altar of Gozag.
   840 | D:2      | Noticed Terence
   859 | D:2      | Killed Terence
   859 | D:2      | Reached skill level 3 in Axes
   859 | D:2      | Reached skill level 1 in Dodging
   903 | D:2      | Reached XP level 4. HP: 20/42 MP: 3/3
  1061 | D:2      | Found Gozag's Platinum Reserve.
  1341 | D:3      | Reached XP level 5. HP: 36/49 MP: 3/3
  1359 | D:3      | Reached * piety under Makhleb
  1382 | D:3      | Reached skill level 4 in Axes
  1572 | D:3      | Found an ornate altar of the Wu Jian Council.
  1607 | D:3      | Found an ancient bone altar of Kikubaaqudgha.
  1969 | D:4      | Reached skill level 5 in Axes
  1969 | D:4      | Reached XP level 6. HP: 41/56 MP: 3/3
  2005 | D:4      | Found a white marble altar of Elyvilon.
  2030 | D:4      | Got a faintly humming scale mail
  2041 | D:4      | Identified the +1 scale mail of the Moon {Str+3} (You found
                  | it on level 4 of the Dungeon)
  2055 | D:4      | Found a glowing silver altar of Zin.
  2057 | D:4      | Found a glowing golden altar of the Shining One.
  2195 | D:4      | Reached skill level 6 in Axes
  2206 | D:4      | Found Emouteh's Jewellery Shop.
  2232 | D:4      | Found a sacrificial altar of Ru.
  2234 | D:4      | Reached ** piety under Makhleb
  2514 | D:4      | Reached XP level 7. HP: 62/62 MP: 4/4
  2571 | D:5      | Entered Level 5 of the Dungeon
  2571 | D:5      | Found a shadowy altar of Dithmenos.
  2583 | D:5      | Found a sparkling altar of Nemelex Xobeh.
  2668 | D:5      | Found Sipuaq's Distillery.
  2676 | D:5      | Bought 2 potions of curing for 66 gold pieces
  2676 | D:5      | Bought a potion of curing for 33 gold pieces
  2836 | D:5      | Found a snail-covered altar of Cheibriados.
  2899 | D:5      | Reached skill level 7 in Axes
  2914 | D:5      | Reached skill level 5 in Shields
  2988 | D:5      | Found a shimmering altar of Xom.
  3095 | D:5      | Found a sacrificial altar of Ru.
  3230 | D:6      | Reached XP level 8. HP: 20/72 MP: 5/5
  3380 | D:6      | Reached skill level 5 in Armour
  3434 | D:6      | Found a staircase to the Ecumenical Temple.
  3465 | D:6      | Reached *** piety under Makhleb
  3465 | D:6      | Reached skill level 8 in Axes
  3564 | D:6      | Found a radiant altar of Vehumet.
  4042 | D:6      | Found a stormy altar of Qazlal.
  4100 | D:7      | Found a basalt altar of Yredelemnul.
  4264 | D:7      | Reached skill level 9 in Axes
  4278 | D:7      | Reached skill level 1 in Stealth
  4298 | D:7      | Gained mutation: You passively map the area around you.
                  | [Deep Dwarf growth]
  4298 | D:7      | Reached XP level 9. HP: 67/79 MP: 6/6
  4313 | D:7      | Found Faptan's Antique Armour Boutique.
  4314 | D:7      | Found a sand-covered staircase.
  4319 | Ossuary  | Entered an ossuary
  4614 | D:7      | Noticed Menkaure
  4618 | D:7      | Killed Menkaure
  4740 | D:7      | Found a shattered altar of Ashenzari.
  4763 | D:7      | Found a runed translucent door.
  4764 | D:7      | Noticed Crazy Yiuf
  4891 | D:7      | Reached **** piety under Makhleb
  4972 | D:7      | Killed Crazy Yiuf
  5066 | D:8      | Found a shattered altar of Ashenzari.
  5067 | D:8      | Noticed a troll
  5067 | D:8      | Noticed Psyche
  5079 | D:8      | Killed Psyche
  5079 | D:8      | Reached skill level 5 in Fighting
  5079 | D:8      | Reached skill level 10 in Axes
  5084 | D:8      | Killed a troll
  5181 | D:8      | Found a basalt altar of Yredelemnul.
  5342 | D:8      | Found a shadowy altar of Dithmenos.
  5352 | D:8      | Noticed Grum
  5378 | D:8      | Killed Grum
  5422 | D:8      | Found a blossoming altar of Fedhas.
  5580 | D:9      | Found a staircase to the Orcish Mines.
  5586 | D:9      | Reached XP level 10. HP: 87/91 MP: 6/6
  5594 | D:9      | Reached skill level 11 in Axes
  5679 | D:9      | Noticed Maggie
  5694 | D:9      | Killed Maggie
  6202 | D:10     | Entered Level 10 of the Dungeon
  6202 | D:10     | Noticed Sonja
  6216 | D:10     | Killed Sonja
  6242 | D:10     | Noticed Maurice
  6446 | D:10     | Noticed a fire dragon
  6456 | D:10     | Killed Maurice
  6471 | D:10     | Killed a fire dragon
  6471 | D:10     | Reached skill level 12 in Axes
  6471 | D:10     | Reached skill level 5 in Dodging
  6525 | D:10     | Noticed Gastronok
  6558 | D:10     | Killed Gastronok
  6558 | D:10     | Reached XP level 11. HP: 100/100 MP: 5/5
  6679 | D:10     | Paralysed by a hornet for 2 turns
  6770 | D:10     | Reached ***** piety under Makhleb
  6787 | D:10     | Found a staircase to the Lair.
  7050 | D:11     | Noticed a cyan ugly thing
  7065 | D:11     | Killed a cyan ugly thing
  7186 | D:11     | Reached skill level 13 in Axes
  7511 | D:12     | Found Xiczy's Jewellery Shoppe.
  7513 | D:12     | Found Peodeb's Magic Scroll Boutique.
  7574 | D:12     | Bought a scroll of identify for 26 gold pieces
  7574 | D:12     | Bought a scroll of identify for 26 gold pieces
  7574 | D:12     | Bought a scroll of enchant weapon for 97 gold pieces
  7580 | D:12     | Bought a +6 ring of dexterity for 585 gold pieces
  7684 | D:12     | Noticed Fannar
  7705 | D:12     | Killed Fannar
  7753 | D:12     | You fall into a shaft and drop 1 floor!
  7809 | D:12     | Found a glowing silver altar of Zin.
  8029 | D:12     | Found Ludghept's Jewellery Shoppe.
  8041 | D:12     | Reached skill level 14 in Axes
  8041 | D:12     | Reached XP level 12. HP: 73/110 MP: 6/6
  8467 | D:13     | Reached skill level 10 in Shields
  8521 | D:13     | Found Houq's Magic Scroll Emporium.
  8531 | D:13     | Bought a scroll of identify for 26 gold pieces
  8531 | D:13     | Bought a scroll of identify for 26 gold pieces
  8531 | D:13     | Bought a scroll of identify for 26 gold pieces
  8531 | D:13     | Bought a scroll of identify for 26 gold pieces
  8591 | D:13     | Noticed a two-headed ogre
  8603 | D:13     | Killed a two-headed ogre
  8606 | D:13     | Reached ****** piety under Makhleb
  8623 | D:13     | Found a gate to the Vaults.
  8866 | D:14     | Noticed a catoblepas
  8899 | D:14     | Killed a catoblepas
  8996 | D:14     | Reached skill level 15 in Axes
  9167 | D:14     | Noticed a two-headed ogre
  9177 | D:14     | Killed a two-headed ogre
  9258 | D:14     | Found Radim's Antique Armour Boutique.
  9370 | D:14     | Reached XP level 13. HP: 97/121 MP: 6/6
  9535 | D:8      | Noticed Erica
  9550 | D:8      | Killed Erica
 10090 | D:14     | Reached skill level 1 in Maces & Flails
 10351 | D:15     | Entered Level 15 of the Dungeon
 10352 | D:15     | Noticed Azrael
 10357 | D:15     | Noticed Nessos
 10487 | D:15     | Noticed an ettin
 10495 | D:15     | Killed an ettin
 10537 | D:15     | Found a staircase to the Depths.
 10584 | D:15     | Killed Nessos
 10618 | D:15     | Reached skill level 16 in Axes
 10619 | D:15     | Killed Azrael
 10993 | Lair:1   | Entered Level 1 of the Lair of Beasts
 11040 | Lair:1   | Reached skill level 10 in Fighting
 11049 | Lair:1   | Noticed Harold
 11064 | Lair:1   | Killed Harold
 11080 | Lair:1   | Found a dark tunnel.
 11132 | Volcano  | Entered a volcano
 11859 | Lair:1   | Got a pitted battleaxe
 11865 | Lair:1   | Identified the +7 battleaxe of Wiwic {vorpal, *Contam Str+4
                  | Dex+4} (You found it on level 1 of the Lair of Beasts)
 12115 | Lair:2   | Gained mutation: You resist negative energy. (rN+) [Deep
                  | Dwarf growth]
 12115 | Lair:2   | Reached XP level 14. HP: 133/133 MP: 4/4
 12121 | Lair:2   | Gained mutation: You occasionally shout uncontrollably at
                  | your foes. [mutagenic glow]
 12151 | Lair:2   | Found a staircase to the Snake Pit.
 12295 | Lair:2   | Found a runed translucent door.
 12297 | Lair:2   | Noticed Ulumiabe's ghost (journeyman OpBe)
 13312 | Lair:3   | You fall into a shaft and drop 1 floor!
 13316 | Lair:4   | Found a staircase to the Swamp.
 14481 | Lair:5   | Reached skill level 17 in Axes
 14521 | Lair:5   | Found a staircase to the Slime Pits.
 14747 | Lair:5   | Noticed Urug
 14763 | Lair:5   | Killed Urug
 15174 | Lair:6   | Entered Level 6 of the Lair of Beasts
 15510 | Lair:6   | Reached XP level 15. HP: 142/142 MP: 5/5
 16302 | Orc:1    | Entered Level 1 of the Orcish Mines
 16302 | Orc:1    | Found Acwutuf's Gadget Shop.
 16336 | Orc:1    | Reached skill level 10 in Armour
 16474 | Orc:2    | Entered Level 2 of the Orcish Mines
 16478 | Orc:2    | Found a roughly hewn altar of Beogh.
 16680 | Orc:2    | Found a roughly hewn altar of Beogh.
 16801 | Orc:2    | Found a roughly hewn altar of Beogh.
 16833 | Orc:2    | Found a roughly hewn altar of Beogh.
 16888 | Orc:2    | Noticed Saint Roka
 16914 | Orc:2    | HP: 7/144 [orc warrior/+0 glaive[Saint Roka] (23)]
 16914 | Orc:2    | Killed from afar by Saint Roka

Illustrated notes

Levels and vault maps discovered:
D:1:      mrwooster_arrival_statue, layout_loops_ring
D:2:      layout_loops_ring, nicolae_gozag_zags_fifth_avenue, bloody_makhleb,
          uniq_terence
D:3:      minmay_angry_zag, layout_rooms, lemuel_crystal_altar,
          lemuel_crystal_altar
D:4:      kb_forest_paths, layout_basic, good_gods_mini_temple, serial_shops,
          shop, nicolae_ru_sacrificial_ziggurat
D:5:      layout_basic, nemelex_xobeh_ov_fountains_minmay, cheibriados_altar_1,
          kennysheep_mini, lemuel_coloured_pillars_altar, serial_shops,
          nicolae_shop_waterfront, grunt_dithmenos_smoke
D:6:      layout_loops_corners, lemuel_round_altar, kennysheep_little_box,
          minmay_temple_entry_antechambers
D:7:      layout_basic, evilmike_ruin_ashenzari, nicolae_ossuary_entry_giza,
          serial_shops, nicolae_shop_stone, basic_altar, minmay_door_square,
          uniq_menkaure, uniq_crazy_yiuf_cottage
D:8:      layout_basic, overflow_temple_1_default, old_standard_altar,
          roderic_nine_men_s_morris, hangedman_feature_mirror, uniq_psyche,
          uniq_grum, uniq_erica
D:9:      layout_basic, orc_david_3, uniq_maggie
D:10:     layout_roguey, minmay_lair_entry_lava, uniq_sonja, uniq_maurice,
          uniq_gastronok
D:11:     layout_basic
D:12:     layout_irregular_city, portal_ice_cave_entry_animals_and_master,
          basic_altar, serial_shops, shop, shop_coins, shop_fountains,
          uniq_fannar
D:13:     layout_rooms, erik_vaults_1, serial_shops, shop
D:14:     layout_stronghold, hangedman_abyss_or_decor_lesser_grid, serial_shops,
          nicolae_shop_waterfront
D:15:     hangedman_depths_entry_civil_slaughter, layout_cave_pools,
          uniq_nessos, uniq_azrael
Lair:1:   layout_chaotic_city, nicolae_volcano_entry_vermiform,
          chequers_serial_rivers_micro_d, beast_lair_carwin_1, uniq_harold
Lair:2:   layout_hall_layers, minmay_snake_entry_guardpost_small,
          ebering_ghost_inner_flame
Lair:3:   layout_misc_corridors, serial_bayou_shore_b
Lair:4:   layout_gridlike, skrybe_swamp_entry_bodies, patterned_corridor
Lair:5:   layout_gridlike, minmay_slime_entry_jelly_boxes, uniq_urug
Lair:6:   minmay_lair_end_frog_pond, layout_small_grid, minivault_25,
          nicolae_quartered_pool_super, grunt_megastairs_2, lemuel_fruit_tree
Orc:1:    minmay_goldmine, layout_caves, serial_shops, shop, basic_altar,
          mines2_david
Orc:2:    grunt_orc_community_town_hall, layout_caves,
          grunt_orc_community_big_house_1, grunt_orc_community_big_house_1,
          grunt_orc_community_house_3, grunt_orc_community_house_3,
          grunt_orc_community_house_3, grunt_orc_community_house_3,
          grunt_orc_community_house_2, mines2_david, uniq_saint_roka

Skill      XL: |  1  2  3  4  5  6  7  8  9 10 11 12 13 14 15 |
---------------+----------------------------------------------+-----
Fighting       | 3 4 5 7 8 9 10 11 | 11.8
Axes           | 3 5 6 7 9 10 12 14 15 16 17 | 17.4
Dodging        | 1 2 3 4 5 6 7 8 |  8.9
Shields        | 4 5 6 7 8 9 10 12 13 14 | 14.3
Armour         | 4 5 6 8 9 10 | 10.0
Stealth        | 1 2 3 |  3.2
Maces & Flails | 1 3 4 |  4.1

Action                   |  1- 3 |  4- 6 |  7- 9 | 10-12 | 13-15 || total
-------------------------+-------+-------+-------+-------+-------++-------
Melee: War axe           |    86 |   219 |   325 |   651 |  1096 ||  2377
       Morningstar       |       |       |       |       |    73 ||    73
       Battleaxe         |       |       |       |       |     7 ||     7
 Abil: Heal Wounds       |     1 |     5 |     5 |    14 |     5 ||    30
  Use: Scroll            |       |     3 |     5 |    14 |     5 ||    27
Armor: Scale mail        |    41 |    63 |    83 |   164 |   248 ||   599
       Skin              |       |       |       |     9 |       ||     9
Dodge: Dodged            |    28 |   107 |   156 |   325 |   619 ||  1235
Block: Kite shield       |    48 |   122 |   178 |   348 |   897 ||  1593
       Reflection        |       |       |       |       |    16 ||    16

Table legend: (Time is in decaauts)
 A = Elapsed time spent in this place.
 B = Non-inter-level travel time spent in this place.
 C = Inter-level travel time spent in this place.
 D = Time resting spent in this place.
 E = Time spent auto-exploring this place.
 F = Levels seen in this place.
 G = Mean time per level.
                   A        B        C        D        E       F      G
               +--------+--------+--------+--------+--------+-----+--------+
         Total |  16731 |  15534 |   1197 |    597 |  10550 |  25 |  669.2 |
       Dungeon |  10865 |   9987 |    878 |    386 |   6838 |  15 |  724.3 |
          Lair |   4829 |   4522 |    307 |    179 |   3150 |   6 |  804.8 |
  Orcish Mines |    558 |    548 |     10 |      0 |    323 |   2 |  279.0 |
       Ossuary |    237 |    237 |      0 |     32 |    121 |   1 |  237.0 |
       Volcano |    241 |    241 |      0 |      0 |    117 |   1 |  241.0 |
               +--------+--------+--------+--------+--------+-----+--------+

Top non-repeatable levels by time:
    D:14: 1110 daAuts
     D:4: 988 daAuts
  Lair:6: 919 daAuts
    D:12: 901 daAuts
     D:6: 888 daAuts
    D:10: 884 daAuts
  Lair:1: 846 daAuts
  Lair:4: 839 daAuts
  Lair:5: 778 daAuts
  Lair:3: 741 daAuts
     D:7: 740 daAuts
     D:5: 717 daAuts
     D:9: 712 daAuts
  Lair:2: 704 daAuts
     D:2: 694 daAuts
